 Dungeon Crawl Stone Soup version 0.19-a0-706-g03de5d9 (webtiles) character file.

1028 4thArraOfDagon the Firebug (level 8, -3/62 HPs)
             Began as a Naga Fire Elementalist on June 19, 2016.
             Was a Believer of Vehumet.
             Slain by a wyvern skeleton (10 damage)
             ... on level 6 of the Dungeon.
             The game lasted 00:14:06 (1860 turns).

4thArraOfDagon the Firebug (Naga Fire Elementalist) Turns: 1860, Time: 00:14:07

Health: -3/62      AC: 11    Str: 10    XL:     8   Next: 23%
Magic:  10/14      EV: 10    Int: 18    God:    Vehumet [**....]
Gold:   201        SH:  0    Dex: 12    Spells: 4 memorised, 2 levels left

rFire  . . .     SeeInvis +     e - +3 dagger (protect)
rCold  . . .     Gourm    .     x - +1 robe {MR+}
rNeg   . . .     Faith    .     (no shield)
rPois  +         Spirit   .     p - +0 helmet
rElec  .         Dismiss  .     C - +0 cloak
rCorr  .         Reflect  .     (no gloves)
SustAt .         Harm     .     (no barding)
MR     ++...                    (no amulet)
Stlth  ++........               (no ring)
                                (no ring)

@: very slightly contaminated, very slow, very resistant to hostile
enchantments, unstealthy
A: see invisible, deformed body, poison resistance, slowness 2, slow metabolism
1, spit poison 2, AC +2
a: Spit Poison, Renounce Religion


You were on level 6 of the Dungeon.
You worshipped Vehumet.
Vehumet was pleased with you.
You were hungry.

You visited 1 branch of the dungeon, and saw 6 of its levels.

You collected 201 gold pieces.

Inventory:

Hand Weapons
 d - a +0 dagger
 e - a +3 dagger of protection (weapon)
 i - a +0 glaive
 m - a +1 hand axe of electrocution
 r - a +3 scythe
Armour
 a - a +0 robe
 o - a +2 robe of positive energy
 p - a +0 helmet (worn)
 x - a +1 robe of magic resistance (worn)
 C - a +0 cloak (worn)
Wands
 g - a wand of confusion (24/48)
 v - a wand of paralysis (10/24)
 z - a wand of paralysis (18/24)
Scrolls
 h - 2 scrolls of teleportation {unknown}
 j - a scroll of amnesia {unknown}
 k - 5 scrolls of remove curse {unknown}
 s - a scroll of enchant armour {unknown}
 y - a scroll of random uselessness {unknown}
Potions
 l - a potion of flight
 t - a potion of berserk rage
 u - a potion of degeneration {unknown}
 w - a potion of invisibility {unknown}
Books
 b - a book of Flames

   Spells                             Type                      Level
   a - Flame Tongue                   Conjuration/Fire             1
   b - Throw Flame                    Conjuration/Fire             2
   c - Conjure Flame                  Conjuration/Fire             3
   d - Inner Flame                    Hexes/Fire                   3
   e - Sticky Flame                   Conjuration/Fire             4
   f - Fireball                       Conjuration/Fire             5
Comestibles
 c - 4 bread rations
 q - a meat ration
 A - a beef jerky
 B - 4 chunks of flesh


   Skills:
 - Level 1.5 Dodging
 - Level 3.0 Stealth
 + Level 4.2 Spellcasting
 * Level 6.0 Conjurations
 * Level 6.5 Fire Magic


You had 2 spell levels left.
You knew the following spells:

 Your Spells              Type           Power        Failure   Level  Hunger
a - Flame Tongue          Conj/Fire      ####.        1%          1    None
b - Conjure Flame         Conj/Fire      ####....     3%          3    ###....
c - Sticky Flame          Conj/Fire      ####....     14%         4    ####...
d - Fireball              Conj/Fire      ####......   34%         5    ######.


Dungeon Overview and Level Annotations

Branches:
Dungeon (6/15)
 Temple: D:4-7

Altars:
Ashenzari
Cheibriados
Dithmenos
Fedhas
Kikubaaqudgha
Makhleb
Nemelex Xobeh
Vehumet
Xom
Yredelemnul

Shops:
D:6 (:

Annotations:
D:3 Terence; tstbtto's ghost, amateur CeBe


Innate Abilities, Weirdness & Mutations

You cannot wear boots.
Your serpentine skin is tough. (AC +2)
You have supernaturally acute eyesight. (SInv)
Armour fits poorly on your strangely shaped body.
Your system is resistant to poisons. (rPois)
You cover ground very slowly.
You have a slow metabolism.
You can spit poison.


Message History

Unknown command.
Unknown command.
The wyvern skeleton burns!
The wyvern skeleton barely misses you.
Unknown command.
You feel better.
The wyvern skeleton burns!
The wyvern skeleton stops burning.
The wyvern skeleton bites you but does no damage.
Magic courses through your body. The wyvern skeleton bites you!
* * * LOW HITPOINT WARNING * * *
Unknown command.
Casting: Sticky Flame
Confirm with . or Enter, or press ? or * to list all spells.
Aiming: Sticky Flame
Press: ? - help, Shift-Dir - straight line, f/p - wyvern skeleton
Aim: a wyvern skeleton The sticky flame hits the wyvern skeleton.
The wyvern skeleton is covered in liquid flames!
The wyvern skeleton burns!
The wyvern skeleton bites you.
* * * LOW HITPOINT WARNING * * *
The wyvern skeleton bites you!
You die...

... ..# ### #..###.#
#.. #....#.# #.#
#.###......# #.#
#..........#
#####.#######..###(#.#
...............#c....#
#..##.# # #.#Z###.#
......### #.#@# #.#
.)......# #.#.###.#
...####.# #.#.....#
...####.# ####.####..#
......#<# #...#......#
....#.#.# #.##.####.##
..#...#.# #.#...###.#
..##.##.# #......##.#
..##.##.# #.........#


You could see a centaur and a wyvern skeleton (burning).

Vanquished Creatures
  Grinder (D:3)
  Sigmund (D:4)
  A hungry ghost (D:6)
  Blork the orc (D:5)
  2 scorpions
  A howler monkey (D:6)
  A hound (D:4)
  Jessica (D:2)
  Ijyb (D:2)
  Natasha (D:3)
  2 orc wizards (D:6)
  2 worker ants (D:4)
  Robin (D:3)
  6 adders
  An adder skeleton (D:5)
  4 worms
  A dart slug (D:1)
  2 giant geckos
  9 orcs
  2 ball pythons
  4 bats
  A giant cockroach (D:3)
  20 goblins
  9 hobgoblins
  5 jackals
  4 giant newts (D:1)
  2 kobolds (D:1)
  A quokka zombie (D:5)
  6 rats
93 creatures vanquished.

Notes
Turn   | Place    | Note
--------------------------------------------------------------
     0 | D:1      | 4thArraOfDagon the Naga Fire Elementalist began the quest for the Orb.
     0 | D:1      | Reached XP level 1. HP: 15/15 MP: 3/3
    71 | D:2      | Reached XP level 2. HP: 22/22 MP: 1/5
    76 | D:2      | Found a shadowy altar of Dithmenos.
   108 | D:3      | Noticed Grinder
   113 | D:3      | Noticed Jessica
   152 | D:2      | Found a radiant altar of Vehumet.
   160 | D:2      | Became a worshipper of Vehumet
   161 | D:2      | rly
   241 | D:1      | Reached XP level 3. HP: 6/28 MP: 0/6
   246 | D:1      | Learned a level 3 spell: Conjure Flame
   461 | D:2      | Noticed Ijyb
   467 | D:2      | Killed Ijyb
   467 | D:2      | Reached XP level 4. HP: 36/36 MP: 1/7
   559 | D:2      | Reached * piety under Vehumet
   559 | D:2      | Offered knowledge of Sting by Vehumet.
   660 | D:3      | Noticed Robin
   672 | D:3      | Noticed Terence
   797 | D:2      | Killed Jessica
   887 | D:3      | Reached XP level 5. HP: 42/42 MP: 3/8
   891 | D:3      | Noticed tstbtto's ghost (amateur CeBe)
   909 | D:3      | Learned a level 4 spell: Sticky Flame
   920 | D:3      | Killed Robin
   954 | D:3      | Killed Grinder
   954 | D:3      | Reached skill level 5 in Fire Magic
   954 | D:3      | Reached XP level 6. HP: 24/49 MP: 7/10
  1126 | D:4      | Noticed Sigmund
  1275 | D:3      | Found a basalt altar of Yredelemnul.
  1275 | D:3      | Found a snail-covered altar of Cheibriados.
  1275 | D:3      | Found a shimmering altar of Xom.
  1275 | D:3      | Found an ancient bone altar of Kikubaaqudgha.
  1275 | D:3      | Noticed Natasha
  1278 | D:3      | Killed Natasha
  1281 | D:3      | Found a blossoming altar of Fedhas.
  1306 | D:4      | Killed Sigmund
  1306 | D:4      | Reached XP level 7. HP: 50/55 MP: 6/12
  1361 | D:4      | Learned a level 5 spell: Fireball
  1385 | D:4      | Found a shattered altar of Ashenzari.
  1413 | D:4      | Found a sparkling altar of Nemelex Xobeh.
  1424 | D:4      | Found a burning altar of Makhleb.
  1464 | D:5      | Entered Level 5 of the Dungeon
  1489 | D:5      | Reached ** piety under Vehumet
  1489 | D:5      | Offered knowledge of Sandblast by Vehumet.
  1549 | D:4      | Reached skill level 5 in Conjurations
  1633 | D:5      | Noticed Blork the orc
  1636 | D:5      | Killed Blork the orc
  1749 | D:6      | Found Iniste Umill's Book Shoppe.
  1753 | D:6      | Found Vehy's Weapon Emporium.
  1753 | D:6      | Noticed a hungry ghost
  1763 | D:6      | Killed a hungry ghost
  1763 | D:6      | Reached XP level 8. HP: 62/62 MP: 5/14
  1860 | D:6      | Slain by a wyvern skeleton

Vault maps used:
D:1:      onia_arrival_larder
D:2:      lemuel_round_altar, grunt_dithmenos_smoke_and_mirrors, first_bread,
          uniq_iyjb
D:3:      nicolae_overflow_hidden_temple, uniq_grinder, uniq_robin,
          uniq_natasha, uniq_jessica, uniq_terence
D:4:      lemuel_round_altar, overflow_temple_1_default,
          cheibrodos_ashenzari_chains, uniq_sigmund
D:5:      zin_treasury, minitemple, uniq_blork_the_orc
D:6:      kennysheep_mini_moat, serial_shops, nicolae_shop_crystal,
          nicolae_shop_crystal, nicolae_shop_waterfront,
          nicolae_shop_overgrown_old_shop, shop

Skill      XL: |  1  2  3  4  5  6  7  8 |
---------------+-------------------------+-----
Conjurations   | 2 3 4 5 6 |  6.0
Fire Magic     | 4 5 6 |  6.5
Spellcasting   | 3 4 |  4.2
Dodging        | |  1.5
Stealth        | |  3.0

Action                   |  1- 3 |  4- 6 |  7- 9 || total
-------------------------+-------+-------+-------++-------
Melee: Dagger            |     8 |    57 |    35 ||   100
 Cast: Flame Tongue      |    31 |    48 |    31 ||   110
       Conjure Flame     |       |     1 |     1 ||     2
       Sticky Flame      |       |     2 |     5 ||     7
 Abil: Spit Poison       |    17 |    24 |    10 ||    51
  Use: Potion            |       |     2 |     2 ||     4
       Scroll            |       |     1 |     2 ||     3
  Eat: Chunk             |       |     5 |     3 ||     8
Armor: Robe              |     7 |    43 |    17 ||    67
Dodge: Dodged            |    22 |    46 |    34 ||   102
